 Dungeon Crawl Stone Soup version 0.29.1-14-g9c671dbff4 (webtiles) character file.

Game seed: 13625345607737381441

333 leafyfresh the Covert (level 6, -10/51 (53) HPs)
             Began as a Gnoll Delver on Feb 13, 2023.
             Was an Initiate of Gozag.
             Mangled by Crazy Yiuf
             ... wielding a +4 quarterstaff of chaos
              (18 damage)
             ... on level 4 of the Dungeon.
             The game lasted 00:07:28 (5207 turns).

leafyfresh the Covert (Gnoll Delver)                Turns: 5207, Time: 00:07:29

HP:   -10/51 (53)   AC:  3    Str: 11    XL:     6   Next: 53%
MP:   2/9           EV: 17    Int: 10    God:    Gozag
Gold: 322           SH:  0    Dex: 15    Spells: 3/9 levels left

rFire   . . .      SeeInvis .   t - +6 club
rCold   . . .      Faith    .   (no shield)
rNeg    . . .      Spirit   .   b - +0 leather armour
rPois   .          Reflect  .   (no helmet)
rElec   .          Harm     .   (no cloak)
rCorr   .          Rampage  .   (no gloves)
Will    .....                   (no boots)
Stlth   ++++......              (no amulet)
HPRegen 0.17/turn               m - ring of wizardry
MPRegen 0.11/turn               q - +4 ring of evasion

@: lightly drained
A: fangs 1, strong nose, distributed training
a: Renounce Religion, Potion Petition, Call Merchant, Bribe Branch


You were on level 4 of the Dungeon.
You worshipped Gozag.
Gozag was aware of your devotion.
You visited 1 branch of the dungeon, and saw 5 of its levels.

You collected 435 gold pieces.
You paid 113 gold pieces to Gozag.

Inventory:

Hand Weapons
 a - a +0 spear
 l - a +1 hand axe of flaming
 t - a +6 club (weapon)
 u - a +2 dagger of venom
 y - a +3 whip
 z - a +0 antimagic demon trident
 A - a +1 short sword of venom
Missiles
 B - 6 boomerangs (quivered)
 C - 5 poisoned darts
Armour
 b - a +0 leather armour (worn)
 p - a +0 scale mail
Jewellery
 m - a ring of wizardry (left hand)
 n - a ring of protection from cold
 q - a +4 ring of evasion (right hand)
Wands
 g - a wand of digging (3)
Scrolls
 c - a scroll of fog
 d - 2 scrolls of magic mapping
 h - 2 scrolls of poison {unknown}
 k - 2 scrolls of teleportation {unknown}
 r - 2 scrolls of acquirement {unknown}
 v - a scroll of blinking {unknown}
 x - a scroll of torment {unknown}
 D - 4 scrolls of identify {unknown}
Potions
 e - a potion of curing
 f - a potion of haste
 i - a potion of experience {unknown}
 j - a potion of flight {unknown}
 o - 2 potions of mutation {unknown}
 s - 3 potions of might {unknown}


   Skills:
 + Level 6.9 Fighting
 + Level 2.1 Short Blades
 + Level 2.1 Long Blades
 + Level 2.1 Axes
 + Level 2.1 Maces & Flails
 + Level 5.0 Polearms
 + Level 2.1 Staves
 + Level 2.1 Ranged Weapons
 + Level 2.1 Throwing
 + Level 2.1 Armour
 + Level 5.0 Dodging
 + Level 9.8 Stealth
 + Level 2.1 Shields
 + Level 2.1 Unarmed Combat
 + Level 2.1 Spellcasting
 + Level 1.6 Conjurations
 + Level 1.6 Hexes
 + Level 1.6 Summonings
 + Level 1.6 Necromancy
 + Level 1.6 Translocations
 + Level 1.6 Transmutations
 + Level 1.6 Fire Magic
 + Level 1.6 Ice Magic
 + Level 1.6 Air Magic
 + Level 1.6 Earth Magic
 + Level 1.6 Poison Magic
 + Level 2.3 Invocations
 + Level 2.1 Evocations


You had 3 spell levels left.
You knew the following spells:

 Your Spells              Type           Power      Damage    Failure   Level
a - Frozen Ramparts       Ice            8%         1d2       24%         3
b - Swiftness             Air            4%         N/A       24%         3

Your spell library contained the following spells:

 Spells                   Type           Power      Damage    Failure   Level
 Shock                    Conj/Air       16%        1d4       9%          1
 Call Canine Familiar     Summ           4%         N/A       24%         3
 Portal Projectile        Hex/Tloc       8%         N/A       24%         3
 Airstrike                Air            2%         2d(1-17)  58%         4
 Ice Form                 Ice/Tmut       4%         N/A       58%         4
 Leda's Liquefaction      Hex/Erth       2%         N/A       58%         4
 Summon Ice Beast         Ice/Summ       4%         N/A       58%         4


Dungeon Overview and Level Annotations

Branches:
Dungeon (5/15)
 Temple: D:4-7

Altars:
Dithmenos
Elyvilon
Fedhas
Gozag
Okawaru
Xom
The Shining One

Shops:
D:1 [

Annotations:
D:4 Crazy Yiuf


Innate Abilities, Weirdness & Mutations

You have very sharp teeth.
Your uncanny sense of smell can sniff out nearby items.
Your experience applies equally to all skills.


Message History

You barely miss Crazy Yiuf. You bite Crazy Yiuf.
Crazy Yiuf is lightly wounded.
The wall freezes Crazy Yiuf but does no damage.
Crazy Yiuf whimpers, "Orb return to song tea!"
Crazy Yiuf hits you with a +4 quarterstaff of chaos!
Crazy Yiuf burns you.
You hit Crazy Yiuf.
Crazy Yiuf is lightly wounded.
The wall freezes Crazy Yiuf but does no damage.
Crazy Yiuf misses you.
You hit Crazy Yiuf.
Crazy Yiuf is moderately wounded.
The wall freezes Crazy Yiuf but does no damage.
Crazy Yiuf hits you with a +4 quarterstaff of chaos!
You feel your power leaking away.
You barely miss Crazy Yiuf.
Crazy Yiuf is moderately wounded.
The wall freezes Crazy Yiuf but does no damage.
Crazy Yiuf hits you with a +4 quarterstaff of chaos!
You feel drained.
The wall freezes Crazy Yiuf.
Crazy Yiuf hits you with a +4 quarterstaff of chaos!
* * * LOW HITPOINT WARNING * * *
Crazy Yiuf draws strength from your wounds!
You hit Crazy Yiuf.
Crazy Yiuf is lightly wounded.
The wall freezes Crazy Yiuf.
Crazy Yiuf laughs, "Ghoul!
Cake water blue."
Crazy Yiuf barely misses you.
Unknown command.
You sock Crazy Yiuf!
Crazy Yiuf is severely wounded.
The frozen ramparts melt away.
Crazy Yiuf barely misses you.
Unknown command.
You hit Crazy Yiuf. You bite Crazy Yiuf, but do no damage.
Crazy Yiuf is almost dead.
Crazy Yiuf hits you with a +4 quarterstaff of chaos!
* * * LOW HITPOINT WARNING * * *
You are electrocuted!!
You die...
Your body crumbles into a pile of gold.

####### #....(#
#.###.## ♣♣♣♣♣###.#
#... ###
♣♣♣.♣.)#)#.####.#
#...#♣..♣.)).))..##...
#...g@♣♣♣♣)).)..##....
#)..#♣♣ ♣♣)#))##.....
### ♣♣#####..._.
#.##..... ##.##....
#.###∆ ##.#.####
#...###.# #..## ##.


You could see Crazy Yiuf.

Vanquished Creatures
  The ghost of BeingJoeMalik the Cudgeller, an amateur GrFi (D:3)
  A hound (D:3)
  Jessica (D:2)
  An iguana (D:4)
  5 gnolls
  5 adders
  A worm (D:3)
  A dart slug (D:1)
  7 orcs
  7 ball pythons
  8 endoplasms
  4 giant cockroaches
  5 goblins
  5 hobgoblins
  3 jackals (D:4)
  5 kobolds
  5 quokkas
  2 bats
  6 frilled lizards
  3 rats (D:1)
76 creatures vanquished.

Notes
Turn   | Place    | Note
-------+----------+-------------------------------------------
     0 | D:5      | Reached skill level 9 in Stealth
     0 | D:5      | leafyfresh the Gnoll Delver began the quest for the Orb.
     0 | D:5      | Reached XP level 1. HP: 23/23 MP: 1/1
   126 | D:4      | Noticed a phantom
   449 | D:1      | Reached XP level 2. HP: 29/29 MP: 2/2
   601 | D:1      | Found a faded altar of an unknown god.
   623 | D:1      | Reached XP level 3. HP: 25/35 MP: 3/3
  1090 | D:1      | Reached skill level 1 in Invocations
  1212 | D:1      | Found Tusch's Antique Armour Boutique.
  1752 | D:2      | Reached skill level 1 in Short Blades
  1752 | D:2      | Reached skill level 1 in Long Blades
  1752 | D:2      | Reached skill level 1 in Axes
  1752 | D:2      | Reached skill level 1 in Maces & Flails
  1752 | D:2      | Reached skill level 1 in Staves
  1752 | D:2      | Reached skill level 1 in Ranged Weapons
  1752 | D:2      | Reached skill level 1 in Throwing
  1752 | D:2      | Reached skill level 1 in Armour
  1752 | D:2      | Reached skill level 1 in Shields
  1752 | D:2      | Reached skill level 1 in Unarmed Combat
  1752 | D:2      | Reached skill level 1 in Spellcasting
  1752 | D:2      | Reached skill level 1 in Evocations
  1853 | D:2      | Noticed Jessica
  1860 | D:2      | Killed Jessica
  1861 | D:2      | Reached XP level 4. HP: 36/41 MP: 5/5
  1880 | D:2      | Reached skill level 1 in Conjurations
  1880 | D:2      | Reached skill level 1 in Hexes
  1880 | D:2      | Reached skill level 1 in Summonings
  1880 | D:2      | Reached skill level 1 in Necromancy
  1880 | D:2      | Reached skill level 1 in Translocations
  1880 | D:2      | Reached skill level 1 in Transmutations
  1880 | D:2      | Reached skill level 1 in Fire Magic
  1880 | D:2      | Reached skill level 1 in Ice Magic
  1880 | D:2      | Reached skill level 1 in Air Magic
  1880 | D:2      | Reached skill level 1 in Earth Magic
  1880 | D:2      | Reached skill level 1 in Poison Magic
  1996 | D:2      | Noticed a scorpion
  2714 | D:3      | Reached XP level 5. HP: 44/47 MP: 7/7
  2745 | D:3      | Found a shadowy altar of Dithmenos.
  3238 | D:3      | Found a white marble altar of Elyvilon.
  3439 | D:3      | Found a runed translucent gate.
  3441 | D:3      | Found a runed translucent gate.
  3441 | D:3      | Found an opulent altar of Gozag.
  3441 | D:3      | Found a runed translucent gate.
  3445 | D:3      | Noticed BeingJoeMalik's ghost (amateur GrFi)
  3816 | D:3      | HP: 2/47 [BeingJoeMalik's ghost (7)]
  3835 | D:3      | HP: 2/47 [BeingJoeMalik's ghost (8)]
  3848 | D:3      | Killed BeingJoeMalik's ghost
  3849 | D:3      | Reached XP level 6. HP: 17/53 MP: 8/8
  4084 | D:3      | Became a worshipper of Gozag Ym Sagoz the Greedy
  4240 | D:4      | Reached skill level 5 in Polearms
  4240 | D:4      | Reached skill level 5 in Dodging
  4721 | D:4      | Found an iron altar of Okawaru.
  4721 | D:4      | Found a shimmering altar of Xom.
  4721 | D:4      | Found a blossoming altar of Fedhas.
  5155 | D:4      | Found a glowing golden altar of the Shining One.
  5167 | D:4      | Found the +7 sceptre of Torment {pain, torment}
  5175 | D:4      | Found a runed translucent door.
  5176 | D:4      | Noticed Crazy Yiuf
  5195 | D:4      | Learned a level 3 spell: Frozen Ramparts
  5199 | D:4      | Learned a level 3 spell: Swiftness
  5207 | D:4      | Mangled by Crazy Yiuf

Illustrated notes

Levels and vault maps discovered:
D:1:      wander_arrival_estate, layout_basic, serial_shops,
          nicolae_shop_advertising_works [nicolae_subvault_shop_adworks],
          dreamdust_ecumenical_altar_statues, nicolae_figureground_sparkle
D:2:      layout_basic, chequers_serial_rivers_micro_a, uniq_jessica
D:3:      layout_basic, mainiacjoe_overflow_catwalk,
          mainiacjoe_overflow_small_starburst, ebering_ghost_gozag
D:4:      nicolae_cairo_tiling_large_dashed, layout_loops_cross,
          lemuel_round_altar, gammafunk_temple_overflow_claw, kennysheep_potato,
          uniq_crazy_yiuf_cottage
D:5:      layout_gridville, uniq_grinder, uniq_edmund

Skill      XL: |  1  2  3  4  5  6 |
---------------+-------------------+-----
Stealth        | |  9.8
Invocations    | 1 2 |  2.3
Short Blades   | 1 2 |  2.1
Long Blades    | 1 2 |  2.1
Axes           | 1 2 |  2.1
Maces & Flails | 1 2 |  2.1
Staves         | 1 2 |  2.1
Ranged Weapons | 1 2 |  2.1
Throwing       | 1 2 |  2.1
Armour         | 1 2 |  2.1
Shields        | 1 2 |  2.1
Unarmed Combat | 1 2 |  2.1
Spellcasting   | 1 2 |  2.1
Evocations     | 1 2 |  2.1
Conjurations   | 1 |  1.6
Hexes          | 1 |  1.6
Summonings     | 1 |  1.6
Necromancy     | 1 |  1.6
Translocations | 1 |  1.6
Transmutations | 1 |  1.6
Fire Magic     | 1 |  1.6
Ice Magic      | 1 |  1.6
Air Magic      | 1 |  1.6
Earth Magic    | 1 |  1.6
Poison Magic   | 1 |  1.6
Polearms       | 5 |  5.0
Dodging        | 5 |  5.0
Fighting       | |  6.9

Action                   |  1- 3 |  4- 6 || total
-------------------------+-------+-------++-------
Melee: Hand axe          |    64 |     4 ||    68
       Bite              |     5 |    22 ||    27
       Punch             |     2 |     4 ||     6
       Club              |       |   172 ||   172
 Cast: Frozen Ramparts   |       |     1 ||     1
  Use: Potion            |       |     7 ||     7
       Scroll            |       |     1 ||     1
 Stab: Sleeping          |    11 |     5 ||    16
       Distracted        |     1 |     1 ||     2
Armor: Leather armour    |     6 |       ||     6
       Scale mail        |     1 |    44 ||    45
Dodge: Dodged            |    28 |   153 ||   181
